 Dungeon Crawl Stone Soup version 0.32-a0-433-g08bcfe7efd (webtiles) character file.

Game seed: 2602339537859208312

3965 Pi314 the Adept (level 10, 0/70 HPs)
             Began as a Demonspawn Fire Elementalist on Jan 25, 2024.
             Was a Believer of Sif Muna.
             Slain by a two-headed ogre
             ... wielding a +0 giant spiked club
              (11 damage)
             ... on level 9 of the Dungeon on Feb 22, 2024.
             The game lasted 00:22:09 (9162 turns).

Pi314 the Adept (Demonspawn Fire Elementalist)      Turns: 9162, Time: 00:22:10

Health: 0/70       AC:  7    Str:  9    XL:     10   Next: 2%
Magic:  0/19       EV: 12    Int: 22    God:    Sif Muna [**....]
Gold:   424        SH:  0    Dex: 13    Spells: 5/21 levels left

rFire   . . .        b - +2 dagger (flame)
rCold   . . .        (no shield)
rNeg    + . .        o - +0 troll leather armour
rPois   .            (no helmet)
rElec   +            (no cloak)
rCorr   .            (no gloves)
SInv    .            (no boots)
Will    .....        (no amulet)
Stlth   ++           h - ring of Garoureg {Wiz rN+}
HPRegen 1.11/turn    z - ring of Surprise {rElec AC+4 Int+2 Slay+3}
MPRegen 0.16/turn

%: wizardry (x1)
@: about to teleport
A: spiny 1, demonic magic 1, weakness stinger 1
a: Renounce Religion, Channel Magic


You were on level 9 of the Dungeon.
You worshipped Sif Muna.
Sif Muna was pleased with you.
You visited 2 branches of the dungeon, and saw 10 of its levels.

You collected 424 gold pieces.

Inventory:

Hand Weapons
 a - a +0 dagger of electrocution
 b - a +2 dagger of flaming (weapon)
Missiles
 d - 2 boomerangs
Armour
 o - a +0 troll leather armour (worn)
Jewellery
 h - the ring of Garoureg (left hand) {Wiz rN+}
   (You acquired it on level 7 of the Dungeon)

   [ring of wizardry]

   Wiz:       It improves your spell success rate.
   rN+:       It protects you from negative energy.
 l - a ring of positive energy
 q - a ring of poison resistance
 y - a +4 ring of slaying
 z - the ring of Surprise (right hand) {rElec AC+4 Int+2 Slay+3}
   (You found it on level 7 of the Dungeon)

   [ring of protection]

   AC+4:      It affects your AC (+4).
   Int+2:     It affects your intelligence (+2).
   Slay+3:    It affects your accuracy & damage with ranged weapons and melee
   (+3).
   rElec:     It insulates you from electricity.
Wands
 w - a wand of roots (12)
 A - a wand of flame (37)
 C - a wand of mindburst (10)
Scrolls
 e - a scroll of teleportation
 i - 2 scrolls of revelation
 k - a scroll of torment
 m - 4 scrolls of fog
 p - a scroll of enchant weapon
 r - a scroll of amnesia {unknown}
 u - a scroll of immolation
 v - a scroll of butterflies {unknown}
Potions
 c - a potion of invisibility
 f - 3 potions of brilliance
 g - 5 potions of curing
 j - 2 potions of heal wounds
 n - 3 potions of haste
 s - a potion of berserk rage {unknown}
 t - 2 potions of magic


   Skills:
 + Level 3.5 Fighting
 + Level 3.3 Dodging
 - Level 1.7 Stealth
 + Level 6.1 Spellcasting
 + Level 6.2 Conjurations
 - Level 3.0 Hexes
 - Level 3.0 Summonings
 - Level 3.0 Necromancy
 - Level 3.0 Translocations
 + Level 6.2 Fire Magic
 + Level 6.3 Invocations


You had 5 spell levels left.
You knew the following spells:

 Your Spells              Type           Power      Damage    Failure   Level
a - Foxfire               Conj/Fire      100%       2x1d9     1%          1
b - Scorch                Fire           68%        2d7       1%          2
c - Inner Flame           Hex/Fire       27%        N/A       2%          3
d - Flame Wave            Conj/Fire      34%        2d10      4%          4
e - Call Imp              Summ           38%        N/A       2%          2
f - Blink                 Tloc           38%        N/A       2%          2
g - Sublimation of Blood  Necr           19%        N/A       2%          2

Your spell library contained the following spells:

 Spells                   Type           Power      Damage    Failure   Level
 Magic Dart               Conj           100%       1d8       1%          1
 Necrotise                Necr           76%        1d7       1%          1
 Momentum Strike          Conj/Tloc      54%        3d9       1%          2
 Lesser Beckoning         Tloc           38%        N/A       2%          2
 Volatile Blastmotes      Fire/Tloc      52%        2d14      2%          3
 Gell's Gravitas          Tloc           19%        N/A       4%          3
 Teleport Other           Tloc           19%        N/A       4%          3
 Tukima's Dance           Hex            20%        N/A       4%          3
 Vampiric Draining        Necr           19%        2d7       4%          3
 Martyr's Knell           Necr/Summ      19%        N/A       16%         4
 Passage of Golubria      Tloc           19%        N/A       16%         4
 Vhi's Electric Charge    Tloc/Air       26%        N/A       26%         4
 Arcjolt                  Conj/Air       10%        1d20      34%         5
 Irradiate                Conj/Alch      10%        3d15      34%         5
 Curse of Agony           Necr           19%        N/A       38%         5
 Leda's Liquefaction      Alch/Erth      3%         N/A       43%         4
 Petrify                  Alch/Erth      6%         N/A       43%         4
 Borgnjor's Vile Clutch   Necr/Erth      6%         N/A       56%         5
 Yara's Violent Unravell  Hex/Alch       6%         3d5       56%         5
 Alistair's Intoxication  Alch           4%         N/A       77%         5
 Lee's Rapid Deconstruct  Erth           3%         3d5*      77%         5
 Bombard                  Conj/Erth      10%        9d2       88%         6
 Eringya's Noxious Bog    Alch           3%         4d6       99%         6
 Maxwell's Capacitive Co  Air            3%         ∞         100%        8


Dungeon Overview and Level Annotations

Branches:
Dungeon (9/15)             Temple (1/1) D:5            Lair (0/5) D:8
    Orc: D:9-12

Altars:
Ashenzari
Cheibriados
Dithmenos
Fedhas
Gozag
Hepliaklqana
Makhleb
Nemelex Xobeh
Okawaru
Qazlal
Ru
Sif Muna
Trog
Vehumet
Wu Jian
Xom
Yredelemnul

Shops:
D:1 :   D:7 [


Innate Abilities, Weirdness & Mutations

You are partially covered in sharp spines.
Spells you cast may paralyse adjacent enemies.
You have a small tail.


Message History

You conjure some foxfire!
Malevolent energies surge around you.
The wight suddenly stops moving!
The wight is no longer more vulnerable to fire.
The foxfire hits the wight.
The wight is moderately damaged.
The helpless wight fails to defend itself.
You hit the wight. You burn the wight.
The wight is severely damaged.
The foxfire hits the wight.
The wight is almost destroyed.
The foxfire hits the wight.
You destroy the wight!
Sif Muna accepts your kill. The two-headed ogre misses you.
The two-headed ogre barely misses you.
You hit the two-headed ogre. You burn the two-headed ogre.
The two-headed ogre is lightly wounded.
A yak comes into view.
The yak bellows!
You hit the two-headed ogre. You burn the two-headed ogre.
The two-headed ogre is lightly wounded.
You hear a bellow!
The two-headed ogre hits you with a +0 giant spiked club!!
The two-headed ogre hits you with a +0 giant club!
The two-headed ogre attacks as it pursues you!
The two-headed ogre misses you.
The two-headed ogre hits you with a +0 giant club!
Casting: Foxfire (safe; 1% risk of failure)
Confirm with . or Enter, or press ? or * to list all spells.
You conjure some foxfire!
Malevolent energies surge around you.
A wight comes into view. It is wielding a +4 dagger.
Okay, then.
As you read the scroll of teleportation, it crumbles to dust.
You feel strangely unstable.
The foxfire hits the two-headed ogre!
The two-headed ogre is moderately wounded.
The foxfire hits the two-headed ogre.
The two-headed ogre is moderately wounded.
The two-headed ogre hits you with a +0 giant spiked club!
* * * LOW HITPOINT WARNING * * *
The two-headed ogre hits you with a +0 giant club!
You die...

......./.
.......z.
........#
.......§#
......☼☼#
.......○#
.......)#
.......O#
........@#
........§§#
..........#
.....Y....########
.................#
.................#
...........#######
...........#
...........#


You could see a two-headed ogre, a yak and a wight.

Vanquished Creatures
  A troll (D:8)
  A wyvern (D:8)
  A water moccasin (D:6)
  An ice beast (D:7)
  An orc warrior (D:5)
  3 sky beasts
  A black bear (D:4)
  2 ogres
  3 wolves (D:8)
  2 centaurs (D:7)
  A kobold brigand (D:7)
  Blork the orc (D:5)
  A scorpion (D:6)
  A gnoll sergeant (D:7)
  3 bullfrogs
  11 wights
  5 killer bees (D:8)
  2 electric eels (D:8)
  8 hounds
  2 jellies
  3 orc priests
  2 sleepcaps
  3 iguanas
  10 orc wizards
  10 gnolls
  7 adders
  2 ufetubi (D:5)
  2 ribbon worms
  4 dart slugs
  30 orcs
  6 bats
  9 endoplasms
  3 giant cockroaches
  13 goblins
  10 hobgoblins
  3 jackals (D:1)
  3 quokkas
  9 ball pythons
  5 frilled lizards
  11 kobolds
  6 rats
202 creatures vanquished.

Vanquished Creatures (others)
  A shadow imp (D:8)
  377 foxfires
378 creatures vanquished.

Grand Total: 580 creatures vanquished

Notes
Turn   | Place    | Note
-------+----------+-------------------------------------------
     0 | D:1      | Pi314 the Demonspawn Fire Elementalist began the quest for
                  | the Orb.
     0 | D:1      | Reached XP level 1. HP: 13/13 MP: 3/3
     6 | D:1      | Found Vizxibeg's Book Shoppe.
   298 | D:1      | Gained mutation: Spells you cast may paralyse adjacent
                  | enemies. [demonic ancestry]
   298 | D:1      | Reached XP level 2. HP: 6/20 MP: 3/5
   546 | D:1      | Learned a level 2 spell: Scorch
   846 | D:1      | Reached skill level 1 in Fighting
   887 | D:1      | Reached XP level 3. HP: 24/26 MP: 3/6
   891 | D:1      | Learned a level 3 spell: Inner Flame
  1507 | D:2      | You fall into a shaft and drop 2 floors!
  1569 | D:3      | Reached XP level 4. HP: 27/32 MP: 0/7
  2126 | D:2      | Upgraded the game from 0.32-a0-41-gec2d92a32c to
                  | 0.32-a0-42-ga30500b4d3
  2289 | D:3      | Reached skill level 1 in Hexes
  2967 | D:4      | Gained mutation: You are partially covered in sharp spines.
                  | [demonic ancestry]
  2967 | D:4      | Reached XP level 5. HP: 38/38 MP: 1/9
  3145 | D:4      | Noticed an ogre
  3150 | D:4      | Killed an ogre
  3235 | D:4      | Learned a level 4 spell: Flame Wave
  3274 | D:4      | Reached XP level 6. HP: 38/44 MP: 0/11
  4096 | D:4      | Reached XP level 7. HP: 50/50 MP: 7/12
  4099 | D:4      | Learned a level 2 spell: Call Imp
  4254 | D:5      | Entered Level 5 of the Dungeon
  4262 | D:5      | Found a staircase to the Ecumenical Temple.
  4278 | Temple   | Entered the Ecumenical Temple
  4307 | Temple   | Became a worshipper of Sif Muna the Loreminder
  4354 | D:5      | Noticed Blork the orc
  4362 | D:5      | Killed Blork the orc
  4495 | D:5      | Found a broken altar of Ashenzari.
  4530 | D:5      | Reached skill level 1 in Summonings
  4530 | D:5      | Reached skill level 1 in Invocations
  5197 | D:5      | Learned a level 2 spell: Blink
  5597 | D:6      | Reached XP level 8. HP: 56/56 MP: 6/14
  5603 | D:6      | Reached * piety under Sif Muna
  5604 | D:6      | Reached skill level 1 in Translocations
  5824 | D:6      | Learned a level 2 spell: Sublimation of Blood
  5927 | D:6      | Reached skill level 1 in Necromancy
  6075 | D:6      | Reached skill level 5 in Fire Magic
  7000 | D:7      | Identified the ring of Surprise {rElec AC+4 Int+2 Slay+3}
  7013 | D:7      | Reached skill level 5 in Spellcasting
  7024 | D:7      | Reached skill level 5 in Conjurations
  7237 | D:7      | Found an ornate altar of the Wu Jian Council.
  7252 | D:7      | Reached XP level 9. HP: 58/61 MP: 9/16
  7436 | D:7      | Identified a scroll of acquirement
  7436 | D:7      | Acquired the ring of Garoureg {Wiz rN+}
  7647 | D:7      | Reached ** piety under Sif Muna
  7656 | D:7      | Upgraded the game from 0.32-a0-42-ga30500b4d3 to
                  | 0.32-a0-433-g08bcfe7efd
  7670 | D:7      | Reached skill level 5 in Invocations
  7897 | D:7      | Found Ventiuc's Antique Armour Emporium.
  8240 | D:8      | Noticed a troll
  8258 | D:8      | Killed a troll
  8460 | D:8      | Found a staircase to the Lair.
  8901 | D:8      | Identified the +1 broad axe of Urphacs {drain, *Corrode
                  | Str+9 Int-3}
  9077 | D:9      | Found a sparkling altar of Nemelex Xobeh.
  9148 | D:9      | Noticed a two-headed ogre
  9152 | D:9      | Gained mutation: You have a small tail. [demonic ancestry]
  9152 | D:9      | Reached XP level 10. HP: 70/70 MP: 6/19
  9162 | D:9      | Slain by a two-headed ogre

Illustrated notes

Levels and vault maps discovered:
D:1:      amcnicky_arrival_choice, layout_basic, serial_shops,
          nicolae_shop_advertising_works [nicolae_subvault_shop_adworks],
          nicolae_concentric_dashed_squares_mild
D:2:      layout_loops_cross
D:3:      layout_rooms
D:4:      cheibrodos_greedy_goblins, layout_basic
D:5:      nicolae_BIG_FREAKIN_CUBE, layout_basic, ashenzari_altar_1,
          minmay_temple_entry_glass, uniq_blork_the_orc
D:6:      layout_basic, kennysheep_small_spiral
D:7:      layout_loops_cross, mainiacjoe_overflow_small_starburst, serial_shops,
          nicolae_shop_peninsula
D:8:      layout_loops_ring, elyvilon_altar_5, erik_lair_island,
          small_statue_intersection, minmay_misc_feat_five
D:9:      layout_long_grid, mainiacjoe_overflow_alcove_2, david_orc_5,
          dreamdust_princess_corridor, uniq_psyche
Temple:   eino_temple_scatter_basement

Skill      XL: |  1  2  3  4  5  6  7  8  9 |
---------------+----------------------------+-----
Dodging        | 2 3 |  3.3
Fighting       | 1 2 3 |  3.5
Fire Magic     | 3 4 5 6 |  6.2
Conjurations   | 2 3 4 5 6 |  6.2
Hexes          | 1 2 3 |  3.0
Spellcasting   | 3 4 5 6 |  6.1
Summonings     | 2 3 |  3.0
Invocations    | 2 4 6 |  6.3
Translocations | 2 3 |  3.0
Necromancy     | 2 3 |  3.0
Stealth        | |  1.7

Action                     |  1- 3 |  4- 6 |  7- 9 | 10-12 || total
---------------------------+-------+-------+-------+-------++-------
  Melee: Short sword       |   119 |     5 |       |       ||   124
         Dagger            |       |    20 |    88 |     4 ||   112
         Punch             |       |       |     4 |       ||     4
   Cast: Foxfire           |    34 |    69 |   133 |     3 ||   239
         Scorch            |    10 |    27 |    51 |     1 ||    89
         Inner Flame       |       |     1 |    11 |     1 ||    13
         Call Imp          |       |       |     5 |       ||     5
         Flame Wave        |       |       |     3 |       ||     3
    Use: Scroll            |       |     4 |    12 |     1 ||    17
         Potion            |       |     1 |     5 |       ||     6
   Stab: Sleeping          |     3 |       |       |       ||     3
         Paralysed         |    10 |    12 |    17 |     1 ||    40
         Distracted        |       |       |     1 |       ||     1
 Armour: Robe              |    58 |    10 |    65 |       ||   133
         Troll leather arm |       |       |    14 |     5 ||    19
  Dodge: Dodged            |    77 |    16 |    59 |     5 ||   157

Table legend: (Time is in decaauts)
 A = Elapsed time spent in this place.
 B = Non-inter-level travel time spent in this place.
 C = Inter-level travel time spent in this place.
 D = Time resting spent in this place.
 E = Time spent auto-exploring this place.
 F = Levels seen in this place.
 G = Mean time per level.
                   A        B        C        D        E       F      G
               +--------+--------+--------+--------+--------+-----+--------+
         Total |   9158 |   8955 |    203 |      0 |   7455 |  10 |  915.8 |
       Dungeon |   9118 |   8931 |    187 |      0 |   7455 |   9 | 1013.1 |
        Temple |     39 |     23 |     16 |      0 |      0 |   1 |   39.0 |
               +--------+--------+--------+--------+--------+-----+--------+

Top non-repeatable levels by time:
     D:6: 1559 daAuts
     D:4: 1453 daAuts
     D:1: 1224 daAuts
     D:5: 1124 daAuts
     D:7: 1092 daAuts
     D:8: 966 daAuts
     D:2: 957 daAuts
     D:3: 616 daAuts
     D:9: 123 daAuts
  Temple: 39 daAuts
